cohdb
Replays
Latest Replays
All Replays
Popular Replays
Top Player Replays
Match Explorer
How It Works
Community
CoH3 Stats
Reddit
Sign in to upload your games and track your stats! →
Sign in with Steam
Match 42887845
Unlisted
Match 42887845
Overview
Messages
Build Orders
End
Vickers Machine Gun Team
Construct Section Command Post
Infantry Section
Selects Canadian Shock Battlegroup
Infantry Section
Grenade Package
Vickers Machine Gun Team
Infantry Section
Construct Platoon Command Post
CMP 15cwt Truck
Selects Burnout
Construct Company Command Post
Matilda II Heavy Tank
Matilda II Heavy Tank
Foot Guards Section
Selects Pyrotechnics
Foot Guards Section
Burnout
Matilda II Heavy Tank
Armored Vehicle Training
CMP 15cwt Truck
Royal Engineer Section
Burnout
Skibana
Tok3n x Operator
chasedirig
TechT0nic
Tactically Significant Turtle
xRAMOSx
nyanpasaran¡!
苍龙
0
0
Comments
sign in to comment!
No comments posted yet!